 Dungeon Crawl Stone Soup version 0.14-a0-2848-g1d0399b (webtiles) character file.

6947 JEFFREY the Hoplite (level 11, -5/84 HPs)
             Began as a Formicid Fighter on Feb 27, 2014.
             Was an Initiate of the Shining One.
             Slain by a stone giant (16 damage)
             ... created by the fury of Okawaru
             ... in a bailey.
             The game lasted 01:12:14 (9502 turns).

JEFFREY the Hoplite (Formicid Fighter)              Turns: 9502, Time: 01:12:15

HP  -5/84        AC 21     Str 26      XL: 11   Next: 25%
MP  12/12        EV  7     Int  4      God: the Shining One [......]
Gold 129         SH 26     Dex 19      Spells:  0 memorised, 10 levels left

rFire  . . .     SeeInvis +     D - +6,+7 spear of Perfectionism {slay drac, Dex+3}
rCold  . . .     Clarity  .     N - +6 chain mail "Nigejec" {Str+2 Dex+5 Dam+4}
rNeg   . . .     Conserve .     c - +0 shield
rPois  +         rCorr    +     (helmet unavailable)
rElec  .         rRot     .     x - +1 cloak {MR+}
SustAb . .       Spirit   .     w - -2 pair of gloves of Ruocilu {rPois Int-3}
rMut   .         Warding  .     q - +0 pair of boots
Saprov . . .     Stasis   +     r - amulet of resist corrosion
MR     ++...                    (no ring)
                                L - ring of protection from magic

@: flying, very resistant to hostile enchantments, extremely unstealthy
A: permanent stasis, dig shafts and tunnels, four strong arms, poison weakness,
antennae 3, regeneration 1, exoskeleton 1
a: Dig, Shaft Self, Renounce Religion


You were in a bailey.
You worshipped the Shining One.
The Shining One was noncommittal.
You were not hungry.

You visited 2 branches of the dungeon, and saw 13 of its levels.
You also visited: Bailey.

You collected 595 gold pieces.
You spent 466 gold pieces at shops.

Inventory:

Hand weapons
 f - a +2,+2 long sword of slicing
 D - the +6,+7 spear of Perfectionism (weapon) {slay drac, Dex+3}
   (You found it on level 7 of the Dungeon)

   This legendary weapon is deadly to all dragonkind.
   It affects your dexterity (+3).
 H - a +2,+3 long sword
 I - a +1,+1 halberd of freezing
Armour
 c - a +0 shield (worn)
 q - a +0 pair of boots (worn)
 w - the -2 pair of gloves of Ruocilu (worn) {rPois Int-3}
   (You bought it in a shop on level 4 of the Dungeon)

   It affects your intelligence (-3).
   It protects you from poison.
 x - a +1 cloak of magic resistance (worn)
 N - the cursed +6 chain mail "Nigejec" (worn) {Str+2 Dex+5 Dam+4}
   (You bought it in a shop on level 4 of the Dungeon)

   It affects your strength (+2).
   It affects your dexterity (+5).
   It affects your damage with ranged weapons and melee attacks (+4).
   It has a curse placed upon it.
Magical devices
 e - a wand of fire (9) {unknown}
 m - a wand of random effects (8)
 n - a wand of frost (5) {unknown}
 t - a wand of fireball (1)
Comestibles
 i - a meat ration
 s - 6 bread rations
 G - 5 beef jerkies
Scrolls
 a - 2 scrolls of fog
 g - a scroll of recharging
 h - a scroll of curse jewellery {unknown}
 j - 7 scrolls of identify
 u - 4 scrolls of remove curse
 v - 2 scrolls of fear
 C - a scroll of immolation {unknown}
 F - a scroll of enchant weapon II
 K - a scroll of random uselessness {unknown}
Jewellery
 r - an amulet of resist corrosion (around neck)
 z - an uncursed ring of ice
 L - a ring of protection from magic (left hand)
 M - an uncursed ring of regeneration
Potions
 b - a potion of cure mutation
 l - a potion of flight
 p - a potion of might {unknown}
 B - 2 potions of resistance {unknown}
Books
 d - a book of the Sky

   Spells                             Type                      Level
   Flight                             Charms/Air                   3
   Airstrike                          Air                          4
   Silence                            Hexes/Air                    5
   Deflect Missiles                   Charms/Air                   6
   Conjure Ball Lightning             Conjuration/Air              6
   Tornado                            Air                          9
 k - a book of Callings

   Spells                             Type                      Level
   Summon Small Mammal                Summoning                    1
   Call Imp                           Summoning                    2
   Call Canine Familiar               Summoning                    3
   Summon Guardian Golem              Hexes/Summoning              4
   Summon Lightning Spire             Summoning/Air                4
   Summon Ice Beast                   Ice/Summoning                4
 y - a Necronomicon {highlevel, unknown}

   This book is beyond your current level of understanding.

   Spells                             Type                      Level
   Haunt                              Necromancy/Summoning         7
   Borgnjor's Revivification          Necromancy                   8
   Death's Door                       Charms/Necromancy            8
   Necromutation                      Transmutation/Necromancy     8
   The Shining One opposes the use of such an evil item.


   Skills:
 * Level 7.5 Fighting
 - Level 7.7 Long Blades
 + Level 6.2 Polearms
 + Level 9.2 Armour
 + Level 9.5 Shields
 * Level 1.0 Invocations
 + Level 0.2 Evocations


You had 10 spell levels left.
You didn't know any spells.

Dungeon Overview and Level Annotations

Branches:
Dungeon (13/16)            Temple (1/1) D:4             Orc (0/4) D:9
   Lair (0/8) D:9

Altars:
Ashenzari
Cheibriados
Dithmenos
Elyvilon
Fedhas
Kikubaaqudgha
Makhleb
Nemelex Xobeh
Okawaru
Sif Muna
Trog
Vehumet
Xom
Yredelemnul
Zin
The Shining One

Shops:
D:4 [

Annotations:
D:7 exclusion: inept feature mimic


Innate Abilities, Weirdness & Mutations

Your are under a permanent stasis effect.
You can dig through walls and to a lower floor.
Your four strong arms can wield any weapon, most with a shield.
You have a pair of large antennae on your head (SInv).
Your body is surrounded by an exoskeleton. (AC +1)
Your natural rate of healing is unusually fast.


Message History

You block the tengu warrior's attack.
You miss the tengu warrior.
The tengu warrior hits you but does no damage.
The tengu warrior pecks you but does no damage.
You block the tengu warrior's attack. The tengu warrior blocks your attack.
The stone giant hits you but does no damage.
You hit the tengu warrior but do no damage.
The tengu warrior hits you with a long sword.
* * * LOW HITPOINT WARNING * * *
You block the tengu warrior's attack.
The tengu warrior claws you but does no damage.
You miss the tengu warrior.
The stone giant hits you but does no damage.
The tengu warrior hits you with a long sword.
* * * LOW HITPOINT WARNING * * *
The tengu warrior pecks you but does no damage.
The tengu warrior claws you but does no damage.
You closely miss the tengu warrior. The stone giant hits you!
You die...

#....... ## ##'#.... '.
... #..#.... #. ...
#.)###.. . '.
##'####..'!#.. ≈≈{ #. ...
....###..
≈≈≈≈o#.{####'####..#{o.(
≈≈≈≈≈≈####{o{o...####o≈≈≈
#≈≈≈≈≈@#KoggK..#K≈≈≈≈≈≈
###≈≈CH#########≈≈≈≈≈(.
###≈≈≈≈≈≈≈≈C≈≈≈≈≈....
###≈≈≈≈≈≈≈≈≈.......
##oh{..........##
##..∩..((..####
##....(..### ##.....####
##...####


You could see a stone giant, a tengu warrior, a warg and an orc.

Vanquished Creatures
  Pikel (D:4)
  A tengu conjurer (Bailey)
  3 wandering mushrooms (D:9)
  Blork the orc (D:5)
  A raven (Bailey)
  A hippogriff (D:7)
  5 yaks (D:9)
  Edmund (D:8)
  Menkaure (D:4)
  2 necrophages
  4 orc warriors
  4 ice beasts
  2 phantoms
  2 ogres
  4 centaurs
  3 sky beasts
  A black bear (D:9)
  A crocodile (D:7)
  2 wargs (D:9)
  Sigmund (D:2)
  Duvessa (D:4)
  6 giant frogs
  A giant slug (D:8)
  A cyclops zombie (D:9)
  8 killer bees
  A yak skeleton (D:10)
  5 crimson imps
  Dowan (D:4)
  2 goliath beetles
  3 wights (D:6)
  2 hounds (D:5)
  A jelly (D:6)
  A giant frog zombie (D:6)
  2 orc priests (D:9)
  2 iguanas
  A scorpion (D:10)
  5 worker ants
  6 orc wizards
  A big kobold skeleton (D:9)
  3 gnolls
  A giant mite (D:3)
  12 adders
  A worm zombie (D:8)
  An inept feature mimic (D:7)
  A goliath beetle zombie (D:8)
  4 worms
  An adder zombie (D:6)
  An iguana zombie (D:7)
  A scorpion zombie (D:5)
  A giant eyeball (D:9)
  An ooze (D:1)
  4 giant geckos
  28 orcs
  21 bats
  A bat skeleton (D:5)
  2 giant cockroaches
  14 goblins
  20 hobgoblins
  14 jackals
  5 quokkas
  7 giant newts
  A goblin skeleton (D:5)
  A hobgoblin skeleton (D:7)
  A hobgoblin zombie (D:7)
  19 kobolds
  An orc skeleton (D:9)
  2 orc zombies
  14 rats
274 creatures vanquished.

Vanquished Creatures (others)
  2 slaves (D:4)
  A worm (D:4)
  A giant eyeball (D:4)
  An ooze (D:4)
  2 bats (D:4)
  A goblin skeleton (D:4)
  A kobold (D:4)
  A rat (D:4)
  2 fungi (D:9)
12 creatures vanquished.

Grand Total: 286 creatures vanquished

Notes
Turn   | Place    | Note
--------------------------------------------------------------
     0 | D:1      | JEFFREY, the Formicid Fighter, began the quest for the Orb.
     0 | D:1      | Reached XP level 1. HP: 18/18 MP: 1/1
    65 | D:1      | Reached XP level 2. HP: 5/24 MP: 2/2
   402 | D:1      | Reached XP level 3. HP: 24/29 MP: 3/3
  1082 | D:2      | Noticed Sigmund
  1083 | D:2      | Gained mutation: Your natural rate of healing is unusually fast. [potion of beneficial mutation]
  1116 | D:2      | You fall through a shaft!
  1268 | D:3      | Found a burning altar of Makhleb.
  1268 | D:3      | Found a bloodstained altar of Trog.
  1319 | D:3      | Reached XP level 4. HP: 35/35 MP: 4/4
  1332 | D:3      | Reached skill level 4 in Long Blades
  1370 | D:3      | Noticed a centaur
  1393 | D:3      | Killed a centaur
  1393 | D:3      | Reached skill level 5 in Long Blades
  1393 | D:3      | Reached XP level 5. HP: 21/41 MP: 5/5
  1459 | D:3      | Found a sparkling altar of Nemelex Xobeh.
  1888 | D:2      | Reached XP level 6. HP: 43/47 MP: 6/6
  2122 | D:2      | Killed Sigmund
  2555 | D:4      | Noticed Duvessa
  2555 | D:4      | Noticed Dowan
  2569 | D:4      | Noticed a slave
  2603 | D:4      | Got a faintly glowing ring mail
  2618 | D:4      | Identified the +2 ring mail of the Camelopard {Dex+3 Int+3} (You found it on level 4 of the Dungeon)
  2654 | D:4      | Reached XP level 7. HP: 47/52 MP: 7/7
  2665 | D:4      | Noticed Pikel
  2667 | D:4      | Noticed a slave
  2668 | D:4      | Noticed a slave
  2671 | D:4      | Noticed a slave
  2711 | D:4      | Killed Pikel
  2711 | D:4      | Reached skill level 5 in Armour
  2711 | D:4      | Reached skill level 6 in Shields
  2711 | D:4      | Reached XP level 8. HP: 41/58 MP: 8/8
  2878 | D:4      | Killed Duvessa
  2895 | D:4      | Killed Dowan
  3033 | D:4      | Noticed Menkaure
  3035 | D:4      | Killed a freed slave
  3036 | D:4      | Killed a freed slave
  3050 | D:4      | Noticed Blork the orc
  3072 | D:5      | Entered Level 5 of the Dungeon
  3405 | D:5      | Reached skill level 7 in Shields
  3955 | D:5      | Killed Blork the orc
  3955 | D:5      | Reached XP level 9. HP: 20/65 MP: 9/9
  4078 | D:4      | Killed Menkaure
  4193 | D:4      | Found Nosyazyn's Antique Armour Boutique.
  4200 | D:4      | Bought a pair of jewelled gloves for 130 gold pieces
  4203 | D:4      | Identified the cursed -2 pair of gloves of Ruocilu {rPois Int-3} (You bought it in a shop on level 4 of the Dungeon)
  4464 | D:4      | Found a staircase to the Ecumenical Temple.
  4471 | Temple   | Entered the Ecumenical Temple
  4641 | Temple   | Became a worshipper of Warmaster Okawaru
  4788 | D:6      | Reached skill level 5 in Fighting
  5104 | D:6      | You fall through a shaft for 3 floors!
  5114 | D:9      | You fall through a shaft!
  5114 | D:10     | Entered Level 10 of the Dungeon
  5114 | D:10     | Noticed a hill giant
  5114 | D:10     | Noticed a hill giant
  5193 | D:10     | Reached skill level 1 in Invocations
  5657 | D:8      | Acquired Okawaru's first power
  5809 | D:7      | Found a blossoming altar of Fedhas.
  5890 | D:7      | Reached skill level 8 in Shields
  5943 | D:7      | Found Wauqihai's Antique Weapon Boutique.
  5945 | D:7      | Wauqihai's Antique Weapon Boutique was a mimic.
  5964 | D:7      | Reached XP level 10. HP: 67/76 MP: 11/11
  6097 | D:7      | Got a bloodstained spear
  6098 | D:7      | Identified the +6,+7 spear of Perfectionism {slay drac, Dex+3} (You found it on level 7 of the Dungeon)
  6300 | D:7      | Reached skill level 1 in Polearms
  7230 | D:8      | Found a snail-covered altar of Cheibriados.
  7420 | D:8      | Noticed Edmund
  7437 | D:8      | Killed Edmund
  8007 | D:4      | Bought a dazzling chain mail for 336 gold pieces
  8028 | D:4      | Identified the cursed +6 chain mail "Nigejec" {Str+2 Dex+5 Dam+4} (You bought it in a shop on level 4 of the Dungeon)
  8273 | D:9      | Noticed a wandering mushroom
  8277 | D:9      | Found a staircase to the Lair.
  8277 | D:9      | Noticed a wandering mushroom
  8287 | D:9      | Killed a wandering mushroom
  8287 | D:9      | Reached skill level 9 in Shields
  8298 | D:9      | Killed a wandering mushroom
  8341 | D:9      | Found a snail-covered altar of Cheibriados.
  8455 | D:9      | Reached skill level 5 in Polearms
  8463 | D:9      | Reached XP level 11. HP: 77/84 MP: 12/12
  8640 | D:9      | Found a staircase to the Orcish Mines.
  8687 | D:9      | Noticed a wandering mushroom
  8693 | D:9      | Killed a wandering mushroom
  9028 | D:9      | Found a glowing golden altar of the Shining One.
  9036 | D:9      | Fell from the grace of Okawaru
  9036 | D:9      | Became a worshipper of the Shining One
  9108 | D:10     | Noticed an orc knight
  9108 | D:10     | Noticed a merfolk impaler
  9120 | D:10     | You fall through a shaft for 3 floors!
  9122 | D:13     | Noticed an orc knight
  9122 | D:13     | Noticed an orc sorcerer
  9122 | D:13     | Noticed an orc sorcerer
  9129 | D:13     | Noticed an orc high priest
  9136 | D:13     | Noticed an ice devil
  9150 | D:13     | Found a flagged portal.
  9159 | Bailey   | Entered a bailey
  9454 | Bailey   | Noticed a tengu warrior
  9454 | Bailey   | Noticed a stone giant
  9454 | Bailey   | Noticed an orc knight
  9502 | Bailey   | Slain by a stone giant

Action                   |  1- 3 |  4- 6 |  7- 9 | 10-12 || total
-------------------------+-------+-------+-------+-------++-------
Melee: Falchion          |   165 |   280 |   582 |    29 ||  1056
       Spear             |       |       |       |   529 ||   529
Throw: Throwing net      |       |     1 |     1 |     1 ||     3
 Abil: Dig               |     2 |     1 |       |       ||     3
       Shaft Self        |     1 |       |     2 |     1 ||     4
Evoke: Wand              |       |       |     2 |       ||     2
  Use: Potion            |     5 |       |     2 |     5 ||    12
       Scroll            |       |    12 |     5 |     9 ||    26
 Stab: Held in net/web   |       |       |     1 |     1 ||     2
